| TOP OF THE 1ST |
|
Frisco RoughRiders batting - Pitching for Arkansas Travelers : RHP John Palumbo
|
|
Pitching: RHP John Palumbo
|
|
|
Batting: LHB Pauli Gassinger
|
0-0: Ball 1-0: Foul Ball, location: 2F 1-1: Swinging Strike 1-2: Strikes out swinging
|
|
Batting: LHB Yasahiko Teshima
|
0-0: Called Strike 0-1: Swinging Strike 0-2: Ball 1-2: Ball 2-2: Strikes out swinging
|
|
Batting: RHB Chance Lamb
|
0-0: Ball 1-0: Ball 2-0: Foul Ball, location: 2F 2-1: Foul Ball, location: 2F 2-2: Strikes out swinging
|
| Top of the 1st over - 0 runs, 0 hits, 0 errors, 0 left on base; Frisco 0 - Arkansas 0 |
| BOTTOM OF THE 1ST |
|
Arkansas Travelers batting - Pitching for Frisco RoughRiders : RHP Tim Martin
|
|
Pitching: RHP Tim Martin
|
|
|
Batting: RHB Jose Ramirez
|
0-0: Called Strike 0-1: DOUBLE (Flyball, 8RD, EV 107.5 MPH)
|
|
Batting: RHB Juan Montez
|
0-0: Called Strike 0-1: Called Strike Jose Ramirez is caught stealing 3rd base 2-5 0-2: Ball 1-2: Strikes out swinging
|
|
Batting: LHB Mark Reeg
|
0-0: Foul Ball, location: 2F 0-1: Ball 1-1: Called Strike 1-2: Ball 2-2: Foul Ball, location: 2F 2-2: SOLO HOME RUN (Line Drive, 9D, EV 103.1 MPH), Distance : 394 ft
|
|
Batting: RHB Jimmy Buzard
|
0-0: Fly out, F7 (Flyball, 7, EV 79.4 MPH)
|
| Bottom of the 1st over - 1 run, 2 hits, 0 errors, 0 left on base; Frisco 0 - Arkansas 1 |
| TOP OF THE 2ND |
|
Frisco RoughRiders batting - Pitching for Arkansas Travelers : RHP John Palumbo
|
|
Batting: SHB David Simpson
|
0-0: Ball 1-0: Foul Ball, location: 2F 1-1: Ball 2-1: SINGLE (Groundball, 34D, EV 93.8 MPH)
|
|
Batting: RHB Danny Murillo
|
0-0: Foul Ball, location: 2F 0-1: Ball 1-1: Grounds out, U3 (Groundball, 3L, EV 104.4 MPH)
|
|
Batting: RHB Dale Aubrey
|
0-0: Ball 1-0: Ball 2-0: Called Strike 2-1: Foul Ball, location: 2F 2-2: Fly out, F8 (Flyball, 8RD, EV 90.6 MPH)
|
|
Batting: RHB Shoh Tanioka
|
0-0: Ball 1-0: Ball 2-0: Foul Ball, location: 2F 2-1: Called Strike 2-2: Strikes out swinging
|
| Top of the 2nd over - 0 runs, 1 hit, 0 errors, 1 left on base; Frisco 0 - Arkansas 1 |
| BOTTOM OF THE 2ND |
|
Arkansas Travelers batting - Pitching for Frisco RoughRiders : RHP Tim Martin
|
|
Batting: LHB Griffin Ferris
|
0-0: Foul Ball, location: 2F 0-1: Ground out 6-3 (Groundball, 6M, EV 85.6 MPH)
|
|
Batting: LHB Justin Balthazor
|
0-0: Swinging Strike 0-1: SOLO HOME RUN (Flyball, 7LD, EV 90.6 MPH), Distance : 339 ft
|
|
Batting: RHB Juan Martinez
|
0-0: Ball 1-0: Foul Ball, location: 2F 1-1: Ball 2-1: Foul Ball, location: 2F 2-2: Foul Ball, location: 2F 2-2: SOLO HOME RUN (Flyball, 7D, EV 98.8 MPH), Distance : 377 ft
|
|
Batting: RHB Timoleon Tsikouna
|
0-0: Called Strike 0-1: Ball 1-1: Ball 2-1: Ground out 6-3 (Groundball, 6, EV 78.1 MPH)
|
|
Batting: RHB Kinya Nishimura
|
0-0: Fly out, F7 (Flyball, 78S, EV 83.8 MPH)
|
| Bottom of the 2nd over - 2 runs, 2 hits, 0 errors, 0 left on base; Frisco 0 - Arkansas 3 |
| TOP OF THE 3RD |
|
Frisco RoughRiders batting - Pitching for Arkansas Travelers : RHP John Palumbo
|
|
Batting: RHB Josh Ferguson
|
0-0: Ball 1-0: Ball 2-0: SINGLE (Groundball, P, EV 90.6 MPH) (infield hit)
|
|
Batting: RHB Darnell Jones
|
0-0: Called Strike 0-1: Foul Ball, location: 2F 0-2: Strikes out swinging
|
|
Batting: LHB Pauli Gassinger
|
0-0: Called Strike 0-1: Foul Ball, location: 2F 0-2: Ball 1-2: Ball Josh Ferguson steals 2nd base 2-2: Ground out 4-3 (Groundball, 4, EV 96.2 MPH) Josh Ferguson to third
|
|
Batting: LHB Yasahiko Teshima
|
0-0: Ball 1-0: Ball 2-0: SINGLE (Groundball, 3, EV 109.4 MPH) Josh Ferguson scores
|
|
Batting: RHB Chance Lamb
|
0-0: Called Strike Yasahiko Teshima is caught stealing 2nd base 2-4
|
| Top of the 3rd over - 1 run, 2 hits, 0 errors, 0 left on base; Frisco 1 - Arkansas 3 |
| BOTTOM OF THE 3RD |
|
Arkansas Travelers batting - Pitching for Frisco RoughRiders : RHP Tim Martin
|
|
Batting: RHB Jose Ramirez
|
0-0: Called Strike 0-1: Foul Ball, location: 2F 0-2: Strikes out swinging
|
|
Batting: RHB Juan Montez
|
0-0: Ball 1-0: Called Strike 1-1: Swinging Strike 1-2: Foul Ball, location: 2F 1-2: Ball 2-2: Ground out 6-3 (Groundball, 6, EV 103.1 MPH)
|
|
Batting: LHB Mark Reeg
|
0-0: Foul Ball, location: 2F 0-1: Foul Ball, location: 2F 0-2: Strikes out swinging
|
| Bottom of the 3rd over - 0 runs, 0 hits, 0 errors, 0 left on base; Frisco 1 - Arkansas 3 |
| TOP OF THE 4TH |
|
Frisco RoughRiders batting - Pitching for Arkansas Travelers : RHP John Palumbo
|
|
Batting: RHB Chance Lamb
|
0-0: SINGLE (Groundball, 34D, EV 81.9 MPH) (infield hit)
|
|
Batting: SHB David Simpson
|
0-0: Ball 1-0: Grounds into double play, 4-6-3 (Groundball, 4, EV 104.4 MPH)
|
|
Batting: RHB Danny Murillo
|
0-0: Ball 1-0: Called Strike 1-1: Swinging Strike 1-2: Strikes out looking
|
| Top of the 4th over - 0 runs, 1 hit, 0 errors, 0 left on base; Frisco 1 - Arkansas 3 |
| BOTTOM OF THE 4TH |
|
Arkansas Travelers batting - Pitching for Frisco RoughRiders : RHP Tim Martin
|
|
Batting: RHB Jimmy Buzard
|
0-0: Foul Ball, location: 2F 0-1: Ball 1-1: Fly out, F7 (Flyball, 7D, EV 78.1 MPH)
|
|
Batting: LHB Griffin Ferris
|
0-0: Fly out, F8 (Flyball, 8LD, EV 106.2 MPH)
|
|
Batting: LHB Justin Balthazor
|
0-0: Called Strike 0-1: Ball 1-1: Called Strike 1-2: Foul Ball, location: 2F 1-2: Ball 2-2: Ground out 6-3 (Groundball, 6, EV 77.5 MPH)
|
| Bottom of the 4th over - 0 runs, 0 hits, 0 errors, 0 left on base; Frisco 1 - Arkansas 3 |
| TOP OF THE 5TH |
|
Frisco RoughRiders batting - Pitching for Arkansas Travelers : RHP John Palumbo
|
|
Batting: RHB Dale Aubrey
|
0-0: Called Strike 0-1: Ball 1-1: Called Strike 1-2: Ground out 5-3 (Groundball, 56, EV 97.5 MPH)
|
|
Batting: RHB Shoh Tanioka
|
0-0: Called Strike 0-1: Foul Ball, location: 2F 0-2: Foul Ball, location: 2F 0-2: Ball 1-2: Foul Ball, location: 2F 1-2: Ball 2-2: Ball 3-2: Foul Ball, location: 2F 3-2: Strikes out swinging
|
|
Batting: RHB Josh Ferguson
|
0-0: Foul Ball, location: 2F 0-1: Ground out 4-3 (Groundball, 4M, EV 101.2 MPH)
|
| Top of the 5th over - 0 runs, 0 hits, 0 errors, 0 left on base; Frisco 1 - Arkansas 3 |
| BOTTOM OF THE 5TH |
|
Arkansas Travelers batting - Pitching for Frisco RoughRiders : RHP Tim Martin
|
|
Batting: RHB Juan Martinez
|
0-0: Ball 1-0: Ground out 6-3 (Groundball, 6, EV 78.8 MPH)
|
|
Batting: RHB Timoleon Tsikouna
|
0-0: Bunt missed! 0-1: Called Strike 0-2: SINGLE (Line Drive, 6D, EV 103.8 MPH)
|
|
Batting: RHB Kinya Nishimura
|
0-0: Ball 1-0: Fielders Choice at 2nd, 1-6 (Groundball, 34S, EV 70.6 MPH)
|
|
Batting: RHB Jose Ramirez
|
0-0: SINGLE (Line Drive, 9S, EV 92.5 MPH) Kinya Nishimura to second
|
|
Batting: RHB Juan Montez
|
0-0: Ball 1-0: Foul Ball, location: 2F 1-1: Ball 2-1: Foul Ball, location: 2F 2-2: Ball 3-2: Strikes out swinging
|
| Bottom of the 5th over - 0 runs, 2 hits, 0 errors, 2 left on base; Frisco 1 - Arkansas 3 |
| TOP OF THE 6TH |
|
Frisco RoughRiders batting - Pitching for Arkansas Travelers : RHP John Palumbo
|
|
Batting: RHB Darnell Jones
|
0-0: Ball 1-0: Called Strike 1-1: Ball 2-1: SINGLE (Groundball, 13S, EV 73.8 MPH) (infield hit)
|
|
Batting: LHB Pauli Gassinger
|
0-0: Called Strike 0-1: Ball Darnell Jones steals 2nd base 1-1: Called Strike 1-2: 2-RUN HOME RUN (Flyball, 9D, EV 100.0 MPH), Distance : 368 ft
|
|
Batting: LHB Yasahiko Teshima
|
0-0: SINGLE (Line Drive, 7LS, EV 97.5 MPH)
|
|
Batting: RHB Chance Lamb
|
0-0: Ball 1-0: Ball Yasahiko Teshima steals 2nd base (no throw) 2-0: Ball 3-0: Called Strike 3-1: Base on Balls
|
|
Batting: SHB David Simpson
|
0-0: Ball 1-0: Foul Ball, location: 2F 1-1: SINGLE (Groundball, 6MS, EV 72.5 MPH) (infield hit) Yasahiko Teshima to third Chance Lamb to second
|
|
Batting: RHB Danny Murillo
|
0-0: Foul Ball, location: 2F 0-1: Ball 1-1: Fly out, F4 (Popup, 4MD, EV 58.1 MPH)
|
|
Batting: RHB Dale Aubrey
|
0-0: Ball 1-0: Called Strike 1-1: Swinging Strike 1-2: Ball 2-2: Ball 3-2: Strikes out swinging
|
|
Batting: RHB Shoh Tanioka
|
0-0: Called Strike 0-1: Ball 1-1: Ball 2-1: Called Strike 2-2: Ball 3-2: SINGLE (Groundball, 56, EV 109.4 MPH) (infield hit) Yasahiko Teshima scores Chance Lamb to third David Simpson to second
|
|
Pitching: RHP Shane Woods
|
|
|
Batting: RHB Josh Ferguson
|
0-0: Ball 1-0: SINGLE (Groundball, 34D, EV 101.9 MPH) Chance Lamb scores David Simpson to third Shoh Tanioka to second Runner from 3rd tries for Home, SAFE, throw by RF to home
|
|
Batting: RHB Darnell Jones
|
0-0: Ball 1-0: Ball 2-0: Called Strike 2-1: SINGLE (Flyball, 8RS, EV 96.2 MPH) Shoh Tanioka to third Josh Ferguson to second
|
|
Batting: LHB Pauli Gassinger
|
0-0: Ball 1-0: Foul Ball, location: 2F 1-1: Ball 2-1: Fly out, F5 (Popup, 5SF, EV 85.0 MPH)
|
| Top of the 6th over - 5 runs, 7 hits, 0 errors, 3 left on base; Frisco 6 - Arkansas 3 |
| BOTTOM OF THE 6TH |
|
Arkansas Travelers batting - Pitching for Frisco RoughRiders : RHP Tim Martin
|
|
Batting: LHB Mark Reeg
|
0-0: Called Strike 0-1: Ball 1-1: Foul Ball, location: 2F 1-2: Foul Ball, location: 2F 1-2: Ball 2-2: Foul Ball, location: 2F 2-2: Foul Ball, location: 2F 2-2: Ball 3-2: Strikes out swinging
|
|
Batting: RHB Jimmy Buzard
|
0-0: Ball 1-0: Ball 2-0: Ground out 4-3 (Groundball, 4M, EV 95.0 MPH)
|
|
Batting: LHB Griffin Ferris
|
0-0: Ball 1-0: Foul Ball, location: 2F 1-1: Called Strike 1-2: Foul Ball, location: 2F 1-2: Strikes out swinging
|
| Bottom of the 6th over - 0 runs, 0 hits, 0 errors, 0 left on base; Frisco 6 - Arkansas 3 |
| TOP OF THE 7TH |
|
Frisco RoughRiders batting - Pitching for Arkansas Travelers : RHP Shane Woods
|
|
Pitching: RHP Tyler Keenan
|
|
|
Batting: LHB Yasahiko Teshima
|
0-0: Foul Ball, location: 2F 0-1: Ball 1-1: Called Strike 1-2: Ball 2-2: Strikes out swinging
|
|
Batting: RHB Chance Lamb
|
0-0: Ball 1-0: Ball 2-0: Foul Ball, location: 2F 2-1: Foul Ball, location: 2F 2-2: Ball 3-2: Base on Balls
|
|
Batting: SHB David Simpson
|
0-0: Ball 1-0: Swinging Strike Passed Ball! Chance Lamb to second 1-1: Ground out 6-3 (Groundball, 6, EV 80.0 MPH) Chance Lamb to third
|
|
Batting: RHB Danny Murillo
|
0-0: Foul Ball, location: 2F 0-1: Swinging Strike 0-2: Strikes out looking
|
| Top of the 7th over - 0 runs, 0 hits, 0 errors, 1 left on base; Frisco 6 - Arkansas 3 |
| BOTTOM OF THE 7TH |
|
Arkansas Travelers batting - Pitching for Frisco RoughRiders : RHP Tim Martin
|
|
Batting: LHB Justin Balthazor
|
0-0: Ball 1-0: Ball 2-0: Ball 3-0: Called Strike 3-1: Called Strike 3-2: Strikes out swinging
|
|
Batting: RHB Juan Martinez
|
0-0: Called Strike 0-1: Called Strike 0-2: Strikes out looking
|
|
Batting: RHB Timoleon Tsikouna
|
0-0: Ball 1-0: Ball 2-0: Foul Ball, location: 2F 2-1: DOUBLE (Line Drive, 3D, EV 96.9 MPH)
|
|
Batting: RHB Kinya Nishimura
|
0-0: Ball 1-0: Swinging Strike 1-1: Ground out 5-3 (Groundball, 56, EV 105.6 MPH)
|
| Bottom of the 7th over - 0 runs, 1 hit, 0 errors, 1 left on base; Frisco 6 - Arkansas 3 |
| TOP OF THE 8TH |
|
Frisco RoughRiders batting - Pitching for Arkansas Travelers : RHP Tyler Keenan
|
|
Batting: RHB Dale Aubrey
|
0-0: Ball 1-0: Foul Ball, location: 2F 1-1: Foul Ball, location: 2F 1-2: Ball 2-2: Ball 3-2: Foul Ball, location: 2F 3-2: Base on Balls
|
|
Batting: RHB Shoh Tanioka
|
Pickoff Throw to First - Out! 1-3 0-0: Called Strike 0-1: Called Strike 0-2: Foul Ball, location: 2F 0-2: Ball 1-2: Ball 2-2: Ball 3-2: Foul Ball, location: 2F 3-2: Strikes out looking
|
|
Batting: RHB Josh Ferguson
|
0-0: Ball 1-0: Fly out, F9 (Flyball, 9S, EV 90.0 MPH)
|
| Top of the 8th over - 0 runs, 0 hits, 0 errors, 0 left on base; Frisco 6 - Arkansas 3 |
| BOTTOM OF THE 8TH |
|
Arkansas Travelers batting - Pitching for Frisco RoughRiders : RHP Tim Martin
|
|
Batting: RHB Jose Ramirez
|
0-0: Called Strike 0-1: Ball 1-1: Ball 2-1: Called Strike 2-2: Foul Ball, location: 2F 2-2: Ball 3-2: Ground out 4-3 (Groundball, 4, EV 85.0 MPH)
|
|
Pitching: LHP Francisco Rivas
|
|
|
Batting: RHB Juan Montez
|
0-0: Ground out 3-1 (Groundball, 34S, EV 83.1 MPH)
|
|
Batting: LHB Mark Reeg
|
0-0: Ball 1-0: Ball 2-0: Ground out 4-3 (Groundball, 4, EV 88.1 MPH)
|
| Bottom of the 8th over - 0 runs, 0 hits, 0 errors, 0 left on base; Frisco 6 - Arkansas 3 |
| TOP OF THE 9TH |
|
Frisco RoughRiders batting - Pitching for Arkansas Travelers : RHP Tyler Keenan
|
|
Pitching: LHP Kyle Worford
|
|
|
Batting: RHB Darnell Jones
|
0-0: Called Strike 0-1: TRIPLE (Line Drive, 8LXD, EV 104.4 MPH)
|
|
Batting: LHB Pauli Gassinger
|
0-0: Ball 1-0: Fly out, F7 (Line Drive, 7, EV 93.8 MPH)
|
|
Batting: LHB Yasahiko Teshima
|
0-0: Ball 1-0: Foul Ball, location: 2F 1-1: Foul Ball, location: 2F 1-2: Fly out, F8 (Flyball, 8LD, EV 79.4 MPH) Runner from 3rd tags up, SCORES, throw by CF
|
|
Batting: RHB Chance Lamb
|
0-0: Foul Ball, location: 2F 0-1: Swinging Strike 0-2: Strikes out swinging
|
| Top of the 9th over - 1 run, 1 hit, 0 errors, 0 left on base; Frisco 7 - Arkansas 3 |
| BOTTOM OF THE 9TH |
|
Arkansas Travelers batting - Pitching for Frisco RoughRiders : LHP Francisco Rivas
|
|
Batting: RHB Jimmy Buzard
|
0-0: Called Strike 0-1: Called Strike 0-2: Foul Ball, location: 2F 0-2: Foul Ball, location: 2F 0-2: Foul Ball, location: 2F 0-2: Ball 1-2: Foul Ball, location: 2F 1-2: Ball 2-2: Ground out 4-3 (Groundball, 4S, EV 85.6 MPH)
|
|
Batting: LHB Griffin Ferris
|
0-0: Ball 1-0: Swinging Strike 1-1: Fly out, F9 (Line Drive, 89M, EV 111.9 MPH)
|
|
Batting: LHB Justin Balthazor
|
0-0: Called Strike 0-1: Foul Ball, location: 2F 0-2: Strikes out swinging
|
| Bottom of the 9th over - 0 runs, 0 hits, 0 errors, 0 left on base; Frisco 7 - Arkansas 3 |
|